 Dungeon Crawl Stone Soup version 0.31-a0-949-g57150269e1 (webtiles) character file.

Game seed: 11682266558148140741

88 p00ps00p the Trooper (level 4, 0/41 HPs)
             Began as a Hill Orc Fighter on Oct 22, 2023.
             Slain by Crazy Yiuf
             ... wielding a +3 quarterstaff of chaos
              (1 damage)
             ... on level 2 of the Dungeon.
             The game lasted 00:01:39 (1610 turns).

p00ps00p the Trooper (Hill Orc Fighter)             Turns: 1610, Time: 00:01:39

Health: 0/41       AC:  7    Str: 20    XL:     4   Next: 54%
Magic:  4/4        EV:  9    Int:  8    God:
Gold:   70         SH:  0    Dex: 10    Spells: 3/3 levels left

rFire   . . .        a - +0 war axe
rCold   . . .        c - +0 buckler
rNeg    . . .        b - +0 scale mail
rPois   .            (no helmet)
rElec   .            (no cloak)
rCorr   .            (no gloves)
SInv    .            (no boots)
Will    .....        (no amulet) Stlth
                     (no ring)
HPRegen 0.26/turn    (no ring)
MPRegen 0.09/turn

%: no passive effects
@: confused, lethally poisoned (0 -> -8)
A: no striking features
a: no special abilities


You were on level 2 of the Dungeon.
You visited 1 branch of the dungeon, and saw 2 of its levels.

You collected 70 gold pieces.

Inventory:

Hand Weapons
 a - a +0 war axe (weapon)
Armour
 b - a +0 scale mail (worn)
 c - a +0 buckler (worn)
Potions
 d - a potion of might
 e - a potion of cancellation
 g - a potion of curing {unknown}


   Skills:
 + Level 4.4 Fighting
 + Level 3.8 Axes
 + Level 4.0 Armour
 + Level 4.0 Shields


You had 3 spell levels left.
You didn't know any spells.
Your spell library was empty.

Dungeon Overview and Level Annotations

Branches:
Dungeon (2/15)

Altars:

Annotations:
D:2 Crazy Yiuf


Message History

You open the door.
Crazy Yiuf grits, "Sif Muna chair rumpyflump!"
Crazy Yiuf hits you with a +3 quarterstaff of chaos.
Crazy Yiuf freezes you.
You barely miss Crazy Yiuf. Crazy Yiuf barely misses you.
You barely miss Crazy Yiuf.
Crazy Yiuf hits you with a +3 quarterstaff of chaos!
You resist with some effort.
Crazy Yiuf hits you with a +3 quarterstaff of chaos.
You blink.
Crazy Yiuf attacks as he pursues you!
Crazy Yiuf hits you with a +3 quarterstaff of chaos!
Crazy Yiuf burns you.
* * * LOW HITPOINT WARNING * * *
You hit Crazy Yiuf.
Crazy Yiuf is moderately wounded.
Crazy Yiuf hits you with a +3 quarterstaff of chaos.
* * * LOW HITPOINT WARNING * * *
You are confused.
Your endoplasm closely misses Crazy Yiuf.
Crazy Yiuf attacks as he pursues you!
Crazy Yiuf hits you with a +3 quarterstaff of chaos.
* * * LOW HITPOINT WARNING * * *
Crazy Yiuf draws strength from your wounds!
You see here a +0 hammer.
You closely miss Crazy Yiuf.
Crazy Yiuf is lightly wounded.
Crazy Yiuf closely misses you.
Your endoplasm hits Crazy Yiuf but does no damage.
You hit Crazy Yiuf but do no damage.
Crazy Yiuf is lightly wounded.
Crazy Yiuf yells, "Lugonu!
Whiteboard sow song."
Crazy Yiuf hits you but does no damage.
You are lethally poisoned!
Your endoplasm closely misses Crazy Yiuf.
Crazy Yiuf yells, "Papa hand mumblescurry!"
Crazy Yiuf hits you with a +3 quarterstaff of chaos.
* * * LOW HITPOINT WARNING * * *
Crazy Yiuf freezes you.
You die...

##### ....# #####
####♣♣ #####
##....♣♣ ♣♣#Jg@#
#......♣♣♣♣.'K..#
#[......♣..♣#...#
##.#....♣.♣♣♣#####
#..###♣♣♣♣♣ ###
#...# #.# #.###
### #######.#
#.###
#.#####.##.##.#
#...#
#.............#


You could see Crazy Yiuf (ally target), a friendly endoplasm (summoned) and a
friendly kobold (summoned).

Vanquished Creatures
  Natasha (twice) (D:2)
  An adder (D:2)
  4 ball pythons
  4 bats
  2 endoplasms (D:1)
  A giant cockroach (D:1)
  3 hobgoblins (D:2)
  4 kobolds
  3 quokkas
  A frilled lizard (D:1)
  3 goblins
  A rat (D:1)
29 creatures vanquished.

Notes
Turn   | Place    | Note
-------+----------+-------------------------------------------
     0 | D:1      | p00ps00p the Hill Orc Fighter began the quest for the Orb.
     0 | D:1      | Reached XP level 1. HP: 19/19 MP: 1/1
    80 | D:1      | Reached XP level 2. HP: 19/27 MP: 2/2
   794 | D:2      | Found a runed translucent door.
   795 | D:2      | Noticed Crazy Yiuf
   846 | D:2      | Reached XP level 3. HP: 30/33 MP: 3/3
  1047 | D:2      | Noticed Natasha
  1054 | D:2      | Killed Natasha
  1055 | D:2      | Reached XP level 4. HP: 39/40 MP: 4/4
  1100 | D:2      | Noticed Natasha
  1111 | D:2      | Killed Natasha
  1610 | D:2      | HP: 1/41 [Crazy Yiuf/+3 quarterstaff of chaos (4)]
  1610 | D:2      | Slain by Crazy Yiuf

Illustrated notes

Levels and vault maps discovered:
D:1:      amcnicky_arrival_choice, layout_basic, nicolae_figureground_pulse
D:2:      layout_loops_ring, uniq_natasha, uniq_crazy_yiuf_cottage

Skill      XL: |  1  2  3  4 |
---------------+-------------+-----
Axes           | 3 |  3.8
Fighting       | 4 |  4.4
Armour         | 4 |  4.0
Shields        | 4 |  4.0

Action                     |  1- 3 |  4- 6 || total
---------------------------+-------+-------++-------
  Melee: War axe           |    70 |    27 ||    97
    Use: Scroll            |     1 |     2 ||     3
 Armour: Scale mail        |    52 |    39 ||    91
  Dodge: Dodged            |    44 |    16 ||    60
  Block: Buckler           |    19 |     7 ||    26

Table legend: (Time is in decaauts)
 A = Elapsed time spent in this place.
 B = Non-inter-level travel time spent in this place.
 C = Inter-level travel time spent in this place.
 D = Time resting spent in this place.
 E = Time spent auto-exploring this place.
 F = Levels seen in this place.
 G = Mean time per level.
                   A        B        C        D        E       F      G
               +--------+--------+--------+--------+--------+-----+--------+
         Total |   1644 |   1640 |      4 |    200 |   1205 |   2 |  822.0 |
       Dungeon |   1644 |   1640 |      4 |    200 |   1205 |   2 |  822.0 |
               +--------+--------+--------+--------+--------+-----+--------+

Top non-repeatable levels by time:
     D:2: 892 daAuts
     D:1: 752 daAuts
